 Dungeon Crawl Stone Soup version 0.31-a0-1074-g0b22e4e0f1 (webtiles) character file.

Game seed: 4346240334065746339

236 BigPumpCobain the Ruffian (level 5, -7/73 HPs)
             Began as a Troll Shapeshifter on Dec 4, 2023.
             Killed by divine providence
             ... invoked by an orc priest
              (13 damage)
             ... on level 3 of the Dungeon.
             The game lasted 00:04:02 (2289 turns).

BigPumpCobain the Ruffian (Troll Shapeshifter)      Turns: 2289, Time: 00:04:03

Health: -7/73      AC: 22    Str: 21 (24) XL:     5   Next: 77%
Magic:  4/4        EV:  1    Int:  3 (6)  God:
Gold:   187        SH:  0    Dex:  6 (7)  Spells: 4/4 levels left

rFire   . .          .
                       - Unarmed
rCold   . . .        (no shield)
rNeg    . . .        a - melded +0 animal skin
rPois   +            (helmet currently unavailable)
rElec   .            (cloak currently unavailable)
rCorr   .            (gloves unavailable)
SInv    .            (boots unavailable)
Will    .....        (no amulet)
Stlth   +            (no ring)
HPRegen 1.12/turn    (no ring)
MPRegen 0.09/turn

%: no passive effects
@: tree-form
A: stationary, stasis, torment immunity, boosted hp, large, unfitting armour,
(claws 3), regeneration 1, (shaggy fur 1), (tough skin 1), clumsy 1, (poison
resistance)
a: no special abilities


You were on level 3 of the Dungeon.
You were a tree.
You visited 1 branch of the dungeon, and saw 3 of its levels.

You collected 187 gold pieces.

Inventory:

Armour
 a - a +0 animal skin (melded)
Talismans
 c - a beast talisman
 d - a flux talisman
Wands
 l - a wand of iceblast (9)
Scrolls
 g - a scroll of blinking {unknown}
 h - a scroll of immolation
 i - 4 scrolls of identify {unknown}
 j - 2 scrolls of enchant armour {unknown}
 k - a scroll of fear {unknown}
Potions
 b - a potion of lignification
 m - a potion of mutation


   Skills:
 + Level 2.1 Fighting
 + Level 2.5 Dodging
 * Level 4.7 Unarmed Combat
 + Level 3.8 Shapeshifting


You had 4 spell levels left.
You didn't know any spells.
Your spell library was empty.

Dungeon Overview and Level Annotations

Branches:
Dungeon (3/15)

Altars:
Sif Muna


Innate Abilities, Weirdness & Mutations

You are a tree.
Your roots penetrate the ground, keeping you stationary.
You cannot be teleported.
You are immune to unholy pain and torment.
Your maximum health is greatly increased.
Your equipment is partially melded.
You are too large for most types of armour.
((You have claws for hands.))
Your natural rate of healing is unusually fast.
((You are covered in fur. (AC +1)))
((You have tough skin. (AC +1)))
You are clumsy. (Dex -2)
((Your system is resistant to poisons. (rPois)))


Message History

There was something very wrong with that liquid.
You feel weakened.
You feel dopey.
You feel clumsy.
The orc priest hits you from afar with a +0 trident.
* * * LOW HITPOINT WARNING * * *
It was a potion of curing.
You feel better.
The orc priest hits you but does no damage.
The orc priest casts a cantrip, but nothing happens.
It was a potion of mutation.
You feel extremely strange.
You feel clumsy.
You feel resistant to poisons.
The orc priest hits you but does no damage.
You feel better.
The orc priest hits you but does no damage.
You cannot move.
You cannot move.
You swing at nothing.
The orc priest hits you but does no damage.
You swing at nothing.
The orc priest begins to cast a cantrip, but forgets the words!
You swing at nothing.
The orc priest hits you but does no damage.
You swing at nothing.
The orc priest mumbles some strange prayers to Beogh against you.
Beogh smites you!
* * * LOW HITPOINT WARNING * * *
You swing at nothing.
The orc priest hits you from afar with a +0 trident.
* * * LOW HITPOINT WARNING * * *
You swing at nothing.
The orc priest miscasts a cantrip.
You swing at nothing.
The orc priest mumbles some strange prayers to Beogh against you.
Beogh smites you!
* * * LOW HITPOINT WARNING * * *
You swing at nothing.
You swing at nothing.
The orc priest hits you but does no damage.
You swing at nothing.
The orc priest invokes the aid of Beogh against you.
Beogh smites you!
You die...

.............##.)#
#.##......)...####
#.#.###..#.......
# #..# #.......###
#. ##.# #..#...##
#. ##..# #......#
.. ##...# #.###.##
#.#.######.# #.#
#.♣.......# +#
#)######## #o #o
#o # #. + ## #


You could see 2 orc priests and an orc.

Vanquished Creatures
  2 orc priests
  An orc wizard (D:3)
  5 adders
  3 gnolls (D:2)
  3 dart slugs
  6 orcs
  9 endoplasms
  2 giant cockroaches
  5 goblins
  4 hobgoblins
  2 quokkas
  6 ball pythons
  7 bats
  4 frilled lizards
  7 kobolds
  3 rats
69 creatures vanquished.

Notes
Turn   | Place    | Note
-------+----------+-------------------------------------------
     0 | D:1      | BigPumpCobain the Troll Shapeshifter began the quest for
                  | the Orb.
     0 | D:1      | Reached XP level 1. HP: 18/18 MP: 0/0
   204 | D:1      | Reached skill level 1 in Fighting
   248 | D:1      | Reached XP level 2. HP: 27/27 MP: 1/1
   382 | D:1      | Found a faded altar of an unknown god.
  1024 | D:2      | Reached XP level 3. HP: 22/33 MP: 2/2
  1099 | D:2      | Reached XP level 4. HP: 35/41 MP: 3/3
  1101 | D:2      | Reached skill level 4 in Unarmed Combat
  1434 | D:2      | You fall into a shaft and drop 1 floor!
  1463 | D:3      | Reached XP level 5. HP: 38/49 MP: 4/4
  2165 | D:3      | Found a shimmering blue altar of Sif Muna.
  2278 | D:3      | Gained mutation: You are clumsy. (Dex -2) [potion of
                  | mutation]
  2278 | D:3      | Gained mutation: Your system is resistant to poisons.
                  | (rPois) [potion of mutation]
  2286 | D:3      | HP: 3/73 [orc priest/divine providence (13)]
  2289 | D:3      | Killed from afar by an orc priest

Illustrated notes

Levels and vault maps discovered:
D:1:      kennysheep_arrival_seaside, layout_basic,
          hellmonk_ecumenical_altar_blasted, chequers_serial_rivers_micro_c,
          eino_curves_01
D:2:      minmay_recursive_quarters, layout_loops_ring
D:3:      layout_loops_corners, marbit_many_paths

Skill      XL: |  1  2  3  4  5 |
---------------+----------------+-----
Fighting       | 1 2 |  2.1
Dodging        | 2 |  2.5
Unarmed Combat | 4 |  4.7
Shapeshifting  | |  3.8

Action                     |  1- 3 |  4- 6 || total
---------------------------+-------+-------++-------
  Melee: Unarmed           |    62 |    87 ||   149
         Punch             |     3 |     1 ||     4
    Use: Potion            |       |     5 ||     5
   Stab: Sleeping          |       |     2 ||     2
 Armour: Animal skin       |    30 |    76 ||   106
         Skin              |       |    11 ||    11
  Dodge: Dodged            |    20 |    53 ||    73

Table legend: (Time is in decaauts)
 A = Elapsed time spent in this place.
 B = Non-inter-level travel time spent in this place.
 C = Inter-level travel time spent in this place.
 D = Time resting spent in this place.
 E = Time spent auto-exploring this place.
 F = Levels seen in this place.
 G = Mean time per level.
                   A        B        C        D        E       F      G
               +--------+--------+--------+--------+--------+-----+--------+
         Total |   2276 |   2176 |    100 |      0 |   1796 |   3 |  758.7 |
       Dungeon |   2276 |   2176 |    100 |      0 |   1796 |   3 |  758.7 |
               +--------+--------+--------+--------+--------+-----+--------+

Top non-repeatable levels by time:
     D:1: 998 daAuts
     D:2: 657 daAuts
     D:3: 620 daAuts
